 Dungeon Crawl Stone Soup version 0.26.1-11-gd32895ea62 (webtiles) character file.

Game seed: 711413794551471986

12415 Zeld the Geomancer (level 11, -8/48 HPs)
             Began as a Gargoyle Earth Elementalist on Sept 5, 2021.
             Was an Initiate of Gozag.
             Mangled by an ogre
             ... wielding a +0 giant club
              (20 damage)
             ... on level 11 of the Dungeon.
             The game lasted 00:26:29 (19962 turns).

Zeld the Geomancer (Gargoyle Earth Elementalist)   Turns: 19962, Time: 00:26:31

Health: -8/48      AC: 16    Str: 15    XL:     11   Next: 93%
Magic:  18/23      EV: 14    Int: 19    God:    Gozag
Gold:   672        SH: 14    Dex: 16    Spells: 11/26 levels left

rFire    . . .     SeeInvis +   a - +2 dagger (venom)
rCold    . . .     Faith    .   t - +4 kite shield of Mummun {rN+++ Str+3 Dex+6 Stlth-}
rNeg     + + +     Spirit   .   c - +0 robe
rPois    ∞         Reflect  .   y - +0 helmet
rElec    +         Harm     .   D - +0 cloak
rCorr    .         Rampage  .   (no gloves)
Will     .....                  r - +2 pair of boots
Stlth    +++.......             (no amulet)
HPRegen  0.16/turn              B - ring of see invisible
MPRegen  0.18/turn              h - ring of wizardry

@: barbed spikes, gold aura
A: frail 1, negative energy resistance 1, electricity resistance, unbreathing,
petrification resistance, miasma immunity, subdued magic 1, AC +8
a: Renounce Religion, Potion Petition, Call Merchant, Bribe Branch


You were on level 11 of the Dungeon.
You worshipped Gozag.
Gozag was pleased with you.
You visited 2 branches of the dungeon, and saw 12 of its levels.

You collected 2054 gold pieces.
You spent 1290 gold pieces at shops.
You paid 92 gold pieces to Gozag.

Inventory:

Hand Weapons
 a - a +2 dagger of venom (weapon)
Missiles
 g - 315 stones (quivered)
Armour
 c - a +0 robe (worn)
 r - a +2 pair of boots (worn)
 t - the +4 kite shield of Mummun (worn) {rN+++ Str+3 Dex+6 Stlth-}
   (You bought it in a shop on level 5 of the Dungeon)

   It affects your strength (+3).
   It affects your dexterity (+6).
   It renders you almost immune to negative energy.
   It makes you less stealthy.
 y - a +0 helmet (worn)
 D - a +0 cloak (worn)
Jewellery
 h - a ring of wizardry (right hand)
 B - a ring of see invisible (left hand)
Wands
 b - a wand of digging (13)
 k - a wand of enslavement (6)
 l - a wand of paralysis (9)
 v - a wand of iceblast (16)
 A - a wand of polymorph (11)
 F - a wand of acid (1)
 G - a wand of flame (14)
Scrolls
 d - 9 scrolls of remove curse
 n - 2 scrolls of blinking
 p - 2 scrolls of fear
 q - 9 scrolls of teleportation
 w - a scroll of vulnerability {unknown}
 E - 2 scrolls of magic mapping
 I - 2 scrolls of summoning
Potions
 e - 3 potions of berserk rage
 f - a potion of ambrosia
 i - 2 potions of brilliance
 j - 3 potions of haste {unknown}
 m - 2 potions of heal wounds
 o - 2 potions of lignification {unknown}
 s - 3 potions of might {unknown}
 u - 2 potions of flight {unknown}
 x - 2 potions of degeneration {unknown}
 z - a potion of invisibility {unknown}
 C - 3 potions of attraction {unknown}
 H - 4 potions of curing


   Skills:
 + Level 6.7 Armour
 + Level 5.6 Dodging
 + Level 8.1 Stealth
 + Level 5.9 Shields
 * Level 8.4 Spellcasting
 + Level 6.6 Conjurations
 - Level 1.0 Transmutations
 * Level 11.2 Earth Magic


You had 11 spell levels left.
You knew the following spells:

 Your Spells              Type           Power        Failure   Level
a - Sandblast             Erth           78%          1%          1
b - Passwall              Tmut/Erth      20%          1%          2
c - Stone Arrow           Conj/Erth      64%          1%          3
d - Petrify               Tmut/Erth      24%          8%          4
e - Lee's Rapid Deconstr  Erth           19%          2%          5

Your spell library contained the following spells:

 Spells                   Type           Power        Failure   Level
 Beastly Appendage        Tmut           18%          6%          1
 Wereblood                Tmut           9%           10%         2
 Spider Form              Tmut/Pois      3%           24%         3
 Ice Form                 Ice/Tmut       7%           58%         4
 Blade Hands              Tmut           4%           86%         5


Dungeon Overview and Level Annotations

Branches:
Dungeon (11/15)            Temple (1/1) D:6            Lair (0/6) D:10
    Orc: D:9-12

Altars:
Ashenzari
Cheibriados
Dithmenos
Elyvilon
Fedhas
Gozag
Hepliaklqana
Kikubaaqudgha
Makhleb
Nemelex Xobeh
Okawaru
Qazlal
Ru
Sif Muna
Trog
Uskayaw
Vehumet
Wu Jian
Xom
Yredelemnul
Zin
The Shining One

Shops:
D:5 *   D:8 *   D:9 }=*?=

Annotations:
D:10 exclusion: door


Innate Abilities, Weirdness & Mutations

You are resistant to torment.
Your stone body is resilient. (AC +8)
You are immune to poison.
You resist negative energy. (rN+)
You are resistant to electric shocks. (rElec)
You can survive without breathing.
You are immune to petrification.
You are immune to miasma.
You are frail. (-10% HP)
Your spells are a little easier to cast, but a little less powerful.


Message History

The volley of spikes hits you!
The barbed spikes become lodged in your body.
* * * LOW HITPOINT WARNING * * *
Casting: Stone Arrow (safe; 1% risk of failure)
Confirm with . or Enter, or press ? or * to list all spells.
Aiming: Stone Arrow (safe; 1% risk of failure)
Press: ? - help, Shift-Dir - straight line, f - manticore
Aim: a manticore (severely wounded, very poisoned, 16% to evade)
The stone arrow hits the manticore!
You kill the manticore!
Unknown command.
Casting: Stone Arrow (safe; 1% risk of failure)
Confirm with . or Enter, or press ? or * to list all spells.
Aiming: Passwall (safe; 1% risk of failure)
Press: ? - help, Dir - move target A rock wall.
You begin to meditate on the wall.
You continue meditating on the rock. x3
The ogre hits you with a +0 giant club!!
You die...
Your body crumbles into a pile of gold.

...... #####.....
.......O $ ###......
. .'..... o. #....
### ###.#.$.###...#
....'..O..'...'
####.#..@.##...#
.... ####.# #
...#####.# #.....#.#
#.# #....#.# #.#
#....#.# ######.#
#....#.# <.(..#.#
#....#.#
#.##.#.#.####..##.##


You could see an orc warrior (wandering) and an ogre.

Vanquished Creatures
  Harold (D:8)
  A two-headed ogre (D:9)
  Erica (D:8)
  Urug (D:11)
  An unseen horror (D:10)
  An ugly thing (D:11)
  A manticore (D:11)
  Maurice (D:8)
  The ghost of Zeld the Digger, a novice GrEE of Gozag (D:6)
  3 trolls
  Prince Ribbit (D:5)
  A shadow (D:10)
  5 yaks (D:9)
  2 acid dragons
  4 water moccasins
  5 orc warriors
  4 ice beasts
  A phantom (D:6)
  2 sky beasts
  A black bear (D:8)
  8 centaurs
  5 ogres
  A wolf (D:7)
  5 bullfrogs
  4 gnoll sergeants (D:8)
  A wyvern skeleton (D:6)
  3 scorpions
  A water moccasin skeleton (D:5)
  2 killer bees (D:10)
  10 wights
  6 howler monkeys
  3 quasits
  7 hounds
  A bullfrog zombie (D:5)
  2 jellies
  4 orc priests
  A centaur skeleton (D:5)
  3 gnoll shamans (D:8)
  2 bullfrog skeletons
  9 orc wizards
  3 iguanas
  6 worker ants
  A killer bee zombie (D:9)
  A hound zombie (D:6)
  2 hound skeletons
  A howler monkey zombie (D:8)
  26 gnolls
  A howler monkey skeleton (D:7)
  11 adders
  A shadow imp (D:10)
  2 white imps (D:6)
  5 ufetubi
  An adder skeleton (D:7)
  4 adder zombies
  2 worms
  3 leopard geckos
  42 orcs
  3 ball pythons
  6 bats
  6 giant cockroaches
  6 goblins
  6 hobgoblins
  18 jackals
  4 quokkas
  A frilled lizard (D:1)
  A jackal skeleton (D:4)
  A jackal zombie (D:5)
  11 kobolds
  4 rats
295 creatures vanquished.

Vanquished Creatures (others)
  3 plants (D:5)
3 creatures vanquished.

Grand Total: 298 creatures vanquished

Notes
Turn   | Place    | Note
-------+----------+-------------------------------------------
     0 | D:1      | Zeld the Gargoyle Earth Elementalist began the quest for
                  | the Orb.
     0 | D:1      | Reached XP level 1. HP: 10/10 MP: 3/3
   744 | D:1      | Reached XP level 2. HP: 15/15 MP: 3/5
   752 | D:1      | Learned a level 2 spell: Passwall
   991 | D:2      | Reached skill level 1 in Transmutations
   991 | D:2      | Reached skill level 4 in Earth Magic
  1010 | D:2      | Reached XP level 3. HP: 17/19 MP: 1/6
  1014 | D:2      | Learned a level 3 spell: Stone Arrow
  1535 | D:2      | Found a shimmering blue altar of Sif Muna.
  2045 | D:3      | Reached skill level 1 in Armour
  2045 | D:3      | Reached XP level 4. HP: 22/24 MP: 1/7
  2654 | D:4      | Noticed an ogre
  2660 | D:4      | Killed an ogre
  2661 | D:4      | Reached skill level 1 in Conjurations
  2661 | D:4      | Reached XP level 5. HP: 28/28 MP: 3/9
  2851 | D:4      | Reached skill level 5 in Earth Magic
  3097 | D:4      | Learned a level 4 spell: Petrify
  3330 | D:4      | Noticed an ogre
  3337 | D:4      | Killed an ogre
  3338 | D:4      | Reached XP level 6. HP: 30/32 MP: 5/10
  4046 | D:4      | Reached XP level 7. HP: 36/36 MP: 8/12
  4290 | D:5      | Entered Level 5 of the Dungeon
  4942 | D:5      | Found Moriop's Assorted Antiques.
  4984 | D:5      | Found a stormy altar of Qazlal.
  5084 | D:5      | Bought a scroll labelled IFFIQE WOSASSA for 35 gold pieces
  5084 | D:5      | Bought a scroll labelled EHISUKKITY for 35 gold pieces
  5084 | D:5      | Bought a scroll labelled ZUPLOX FAY for 35 gold pieces
  5084 | D:5      | Bought a metallic purple potion for 31 gold pieces
  5110 | D:5      | Reached skill level 6 in Earth Magic
  5162 | D:5      | Reached skill level 1 in Shields
  5495 | D:5      | Reached XP level 8. HP: 23/41 MP: 14/14
  5503 | D:5      | Learned a level 5 spell: Lee's Rapid Deconstruction
  6032 | D:5      | Noticed Prince Ribbit
  6049 | D:5      | Killed Prince Ribbit
  6572 | D:5      | Reached skill level 7 in Earth Magic
  6943 | D:6      | Found a staircase to the Ecumenical Temple.
  6955 | Temple   | Entered the Ecumenical Temple
  7142 | Temple   | Became a worshipper of Gozag Ym Sagoz the Greedy
  7381 | D:6      | Reached skill level 5 in Stealth
  7449 | D:6      | Reached skill level 5 in Spellcasting
  7688 | D:6      | Got a jacinth-encrusted scale mail
  7699 | D:6      | Identified the cursed +1 scale mail "Sittaf" {*Contam +Fly
                  | rCorr} (You found it on level 6 of the Dungeon)
  7728 | D:6      | Gained mutation: Your spells are a little easier to cast,
                  | but a little less powerful. [mutagenic glow]
  7873 | D:6      | Reached XP level 9. HP: 41/45 MP: 1/16
  8251 | D:6      | Found a shadowy altar of Dithmenos.
  8346 | D:6      | Found a large runed translucent door.
  8348 | D:6      | Found a large runed translucent door.
  8351 | D:6      | Noticed Zeld's ghost (novice GrEE)
  8759 | D:6      | Killed Zeld's ghost
  9124 | D:5      | Reached skill level 8 in Earth Magic
 10853 | D:8      | Found Sibij's Assorted Antiques.
 10856 | D:8      | Bought a green potion for 29 gold pieces
 10856 | D:8      | Bought a scroll of teleportation for 99 gold pieces
 10856 | D:8      | Bought a scroll of remove curse for 99 gold pieces
 11057 | D:8      | Noticed Erica
 11067 | D:8      | Killed Erica
 11068 | D:8      | Reached skill level 9 in Earth Magic
 11068 | D:8      | Reached XP level 10. HP: 31/50 MP: 1/19
 11590 | D:8      | Reached skill level 5 in Armour
 11746 | D:5      | Bought an ichor-stained kite shield for 332 gold pieces
 11756 | D:5      | Identified the +4 kite shield of Mummun {rN+++ Str+3 Dex+6
                  | Stlth-} (You bought it in a shop on level 5 of the Dungeon)
 12140 | D:8      | Noticed Harold
 12781 | D:8      | Noticed Maurice
 12815 | D:8      | Killed Maurice
 12816 | D:8      | Reached skill level 5 in Conjurations
 15076 | D:8      | Killed Harold
 15417 | D:9      | Found Ingankan's Assorted Antiques.
 15527 | D:9      | Bought a scroll of blinking for 157 gold pieces
 15527 | D:9      | Bought a scroll labelled ZUPLOX FAY for 21 gold pieces
 15527 | D:9      | Bought a scroll labelled POEK QYTUKHLOGH for 21 gold pieces
 15527 | D:9      | Bought a curved gold wand for 84 gold pieces
 15590 | D:9      | Reached skill level 10 in Earth Magic
 15746 | D:9      | Found Vudwaupn's Magic Scroll Shoppe.
 15780 | D:9      | Bought a scroll of teleportation for 33 gold pieces
 15780 | D:9      | Bought a scroll of remove curse for 33 gold pieces
 15780 | D:9      | Bought a scroll of fear for 38 gold pieces
 15780 | D:9      | Bought a scroll of magic mapping for 38 gold pieces
 15780 | D:9      | Bought a scroll of identify for 22 gold pieces
 15780 | D:9      | Bought a scroll of identify for 22 gold pieces
 15780 | D:9      | Bought a scroll of identify for 22 gold pieces
 16066 | D:9      | Found Bejymeorgh's Jewellery Emporium.
 16084 | D:9      | Reached XP level 11. HP: 54/54 MP: 15/22
 16375 | D:9      | Found Qenairuh's Jewellery Boutique.
 16419 | D:9      | Found Xumimn's Gadget Shoppe.
 16426 | D:9      | Reached skill level 5 in Shields
 16431 | D:9      | Got a steaming battleaxe
 16528 | D:9      | Bought a wand of flame (14) for 104 gold pieces
 16632 | D:9      | Reached skill level 5 in Dodging
 16655 | D:9      | Got a transparent war axe
 16656 | D:9      | Identified the +3 war axe of the Enemy {freeze, *Contam
                  | rC++ Dex+5} (You found it on level 9 of the Dungeon)
 16670 | D:9      | Gained mutation: You are frail. (-10% HP) [mutagenic glow]
 16887 | D:10     | Entered Level 10 of the Dungeon
 16887 | D:10     | Noticed a two-headed ogre
 16916 | D:9      | Killed a two-headed ogre
 17351 | D:10     | Found a staircase to the Lair.
 17961 | D:10     | Noticed a swamp dragon
 17961 | D:10     | a guardian serpent changed into a swamp dragon
 18302 | D:10     | Noticed a death drake
 18644 | D:10     | Noticed an unseen horror
 18661 | D:10     | Killed an unseen horror
 19238 | D:10     | Reached skill level 11 in Earth Magic
 19415 | D:11     | Noticed Urug
 19437 | D:11     | Killed Urug
 19672 | D:11     | Noticed a red ugly thing
 19681 | D:11     | Killed a red ugly thing
 19949 | D:11     | Noticed a manticore
 19958 | D:11     | Killed a manticore
 19962 | D:11     | Mangled by an ogre

Illustrated notes

Levels and vault maps discovered:
D:1:      dpeg_chamrin_arrival_tetris, layout_basic
D:2:      minmay_evil_eye, layout_basic, nicolae_overflow_crystal_walls,
          interstate_on_off, minmay_pentomino_v2
D:3:      layout_rooms
D:4:      layout_loops_corners
D:5:      layout_basic, serial_shops, nicolae_shop_overgrown_old_shop,
          grunt_ministairs_2, grunt_qazlal_sundering, uniq_prince_ribbit1
D:6:      minmay_razor_zed, layout_loops_cross,
          minmay_temple_entry_purple_smoke, portal_sewer_entry_b,
          ebering_ghost_disaster_area, grunt_dithmenos_smoke_and_mirrors
D:7:      layout_gridville, glass_columns_b, lemuel_flame_loot_1
D:8:      layout_cave_pools, serial_shops, kennysheep_mini_moat,
          serial_gnoll_camp, gnoll_camp_huts_basic, gnoll_camp_mini_sergeant,
          gnoll_camp_mini_hut, gnoll_camp_mini_hut, gnoll_camp_medium_02,
          grunt_ministairs_5, uniq_harold, uniq_maurice, uniq_erica
D:9:      layout_basic, serial_shops, shop, nicolae_shop_waterfront,
          nicolae_shop_temple_entry_statues_fountains, shop, nicolae_shop_stone,
          st_stairs_8
D:10:     minmay_quarter_circles, layout_rooms
D:11:     lemuel_troll_bridge, layout_basic, bh_hangedman_babel_library,
          uniq_urug
Temple:   roderic_octagonal_lattice_temple

Skill      XL: |  1  2  3  4  5  6  7  8  9 10 11 |
---------------+----------------------------------+-----
Transmutations | 1 |  1.0
Earth Magic    | 4 5 6 7 9 10 11 | 11.2
Dodging        | 2 3 4 5 |  5.6
Armour         | 1 2 3 4 5 6 |  6.7
Stealth        | 3 4 5 6 7 8 |  8.1
Spellcasting   | 3 4 5 6 7 8 |  8.4
Conjurations   | 1 2 3 4 5 6 |  6.6
Shields        | 1 2 4 5 |  5.9

Action                   |  1- 3 |  4- 6 |  7- 9 | 10-12 || total
-------------------------+-------+-------+-------+-------++-------
Melee: Unarmed           |    28 |    14 |       |       ||    42
       Dagger            |       |    45 |   518 |   422 ||   985
 Cast: Sandblast         |    59 |    45 |    17 |    15 ||   136
       Stone Arrow       |       |       |    59 |   182 ||   241
       Passwall          |       |       |       |     3 ||     3
       Lee's Rapid Decon |       |       |       |     4 ||     4
Evoke: Wand              |       |       |       |     2 ||     2
  Use: Scroll            |       |       |    16 |     5 ||    21
 Stab: Sleeping          |       |     1 |     3 |     4 ||     8
Armor: Robe              |    17 |    35 |   268 |   225 ||   545
Dodge: Dodged            |    44 |    55 |   379 |   313 ||   791
Block: Buckler           |       |       |    92 |    10 ||   102
       Kite shield       |       |       |       |   426 ||   426
